 Dungeon Crawl Stone Soup version 0.17.0-23-g0de4337 (webtiles) character file.

1435 swanee the Ducker (level 8, 0/60 HPs)
             Began as a Mummy Wanderer on Nov 15, 2015.
             Slain by an ice beast (1 damage)
             ... on level 6 of the Dungeon.
             The game lasted 00:28:07 (8385 turns).

swanee the Ducker (Mummy Wanderer)                  Turns: 8385, Time: 00:28:08

Health: 0/60       AC:  5    Str: 15      XL:     8   Next: 45%
Magic:  21/21      EV: 11    Int: 12      God:
Gold:   268        SH:  8    Dex: 12 (13) Spells: 0 memorised, 13 levels left

rFire  x . .     SeeInvis .     a - +2 mace
rCold  + . .     Clarity  .     O - +0 robe
rNeg   + + +     SustAt   .     v - +0 shield
rPois  ∞         Gourm    .     (no helmet)
rElec  .         Spirit   .     i - +1 cloak
rCorr  .         Warding  .     q - +0 pair of gloves
rMut   .         Stasis   .     (no boots)
MR     +....                    (no amulet)
Stlth  ++........               (no ring)
                                t - ring of magical power

@: somewhat resistant to hostile enchantments, unstealthy
A: no food or potions, fire vulnerability, cold resistance 1, negative energy
resistance 3, torment resistance, unbreathing
a: no special abilities


You were on level 6 of the Dungeon.
You were not hungry.

You visited 1 branch of the dungeon, and saw 7 of its levels.

You collected 268 gold pieces.

Inventory:

Hand Weapons
 a - a +2 mace (weapon)
 b - a cursed +0 shortbow
 e - a +0 hand axe
 j - a +0 quarterstaff
 m - a +0 hand axe
 n - a +0 spear
 o - a +1 dagger of draining
 p - a +1 dagger of speed
 w - a +0 dagger of speed
 y - a +0 great sword
 E - a +0 rapier
 H - a +0 shortbow
 J - a +0 falchion
Missiles
 f - 158 stones (quivered)
 u - 11 poisoned needles
 I - 36 arrows
Armour
 d - a +0 robe
 i - a +1 cloak (worn)
 k - a +0 scale mail
 q - a +0 pair of gloves (worn)
 s - a +0 leather armour
 v - a +0 shield (worn)
 x - a cursed +0 robe
 z - a +0 robe
 F - a +0 leather armour
 O - a +0 robe (worn)
Jewellery
 t - a ring of magical power (left hand)
Wands
 g - a wand of disintegration (6)
 C - a wand of magic darts (34)
Scrolls
 c - 3 scrolls of teleportation
 h - 4 scrolls of identify
 l - a scroll of fog {unknown}
 r - a scroll of fear {unknown}


   Skills:
 + Level 4.0 Fighting
 + Level 1.5 Long Blades
 + Level 2.7 Maces & Flails
 + Level 2.6 Throwing
 - Level 2.4 Armour
 * Level 5.3 Dodging
 * Level 3.2 Stealth
 + Level 1.7 Shields
 * Level 3.1 Spellcasting


You had 13 spell levels left.
You didn't know any spells.

Dungeon Overview and Level Annotations

Branches:
Dungeon (7/15)             Temple (0/1) D:7

Altars:
Dithmenos

Annotations:
D:3 gw's ghost, amateur MiGl
D:5 Marvili's ghost, novice MiBe
D:6 Prince Ribbit


Innate Abilities, Weirdness & Mutations

You do not eat or drink.
Your flesh is vulnerable to fire.
You are immune to poison.
Your flesh is cold resistant.
You are immune to negative energy.
You are immune to unholy pain and torment.
You can survive without breathing.


Message History

The ice beast is heavily wounded.
The ice beast completely misses you.
You closely miss the ice beast.
The ice beast is heavily wounded.
The ice beast hits you.
* * * LOW HITPOINT WARNING * * *
The ice beast freezes you! You resist.
* * * LOW HITPOINT WARNING * * *
You block the ice beast's attack.
You closely miss the ice beast.
The ice beast is heavily wounded.
The ice beast barely misses you.
You hit the ice beast but do no damage.
The ice beast is heavily wounded.
The ice beast hits you.
* * * LOW HITPOINT WARNING * * *
The ice beast freezes you. You resist.
* * * LOW HITPOINT WARNING * * *
The ice beast hits you.
You die...

.......#......###
... .
.#.###.#####.## ..#
.#.# #.# ...# .#.#
#.#######...# .#.#
.#####...........#
.#.#
#.................#
.#.#
#######...........#
.#.# #...........#
.#.# #....@......#
.#.# #.....Y.....#
.#.# #........####
.#.# #........#
.#.# #?.......#
.#.# #........#
.#.# #........#
.#.# ##########
.#.#


You could see an ice beast.

Vanquished Creatures
  The ghost of jw the Covert, a novice OpBe of Trog (D:6)
  Eustachio (D:4)
  An ice beast (D:7)
  2 centaurs
  A scorpion (D:4)
  A crimson imp (D:7)
  A quasit (D:7)
  2 hounds
  An iguana (D:4)
  2 orc wizards (D:2)
  2 worker ants (D:4)
  5 adders
  6 gnolls
  2 oozes
  An adder zombie (D:5)
  7 worms
  4 giant geckos
  7 orcs
  A ball python (D:2)
  3 giant cockroaches
  5 goblins
  8 hobgoblins
  8 jackals
  5 quokkas
  11 bats
  6 giant newts
  A jackal skeleton (D:6)
  12 kobolds
  A quokka zombie (D:6)
  10 rats
118 creatures vanquished.

Vanquished Creatures (others)
  A goblin (D:1)
1 creature vanquished.

Grand Total: 119 creatures vanquished

Notes
Turn   | Place    | Note
--------------------------------------------------------------
     0 | D:1      | swanee the Mummy Wanderer began the quest for the Orb.
     0 | D:1      | swanee set off with: a +2 mace, a +0 hand axe, a scroll of teleportation, a +0 robe
     0 | D:1      | Reached XP level 1. HP: 16/16 MP: 1/1
   250 | D:1      | Reached XP level 2. HP: 22/22 MP: 2/2
   353 | D:1      | Reached skill level 1 in Dodging
  1161 | D:2      | Reached XP level 3. HP: 27/27 MP: 2/4
  1262 | D:2      | Reached skill level 1 in Stealth
  1597 | D:2      | Reached skill level 1 in Throwing
  1597 | D:2      | Reached XP level 4. HP: 9/34 MP: 5/5
  1769 | D:2      | Reached skill level 1 in Spellcasting
  2328 | D:2      | Reached XP level 5. HP: 22/39 MP: 6/6
  3046 | D:3      | Noticed gw's ghost (amateur MiGl)
  4268 | D:3      | Reached XP level 6. HP: 44/46 MP: 8/8
  4670 | D:4      | Found a shadowy altar of Dithmenos.
  4822 | D:4      | Noticed Eustachio
  4853 | D:4      | Killed Eustachio
  4989 | D:4      | Reached skill level 3 in Fighting
  5270 | D:3      | Reached XP level 7. HP: 45/52 MP: 10/10
  5702 | D:5      | Entered Level 5 of the Dungeon
  6162 | D:5      | Noticed Marvili's ghost (novice MiBe)
  6826 | D:6      | Noticed jw's ghost (novice OpBe)
  7133 | D:7      | Found a staircase to the Ecumenical Temple.
  7168 | D:7      | Reached skill level 4 in Dodging
  7441 | D:6      | Noticed Prince Ribbit
  8168 | D:6      | Killed jw's ghost
  8168 | D:6      | Reached skill level 5 in Dodging
  8168 | D:6      | Reached XP level 8. HP: 25/60 MP: 12/12
  8385 | D:6      | HP: 1/60 [ice beast (6)]
  8385 | D:6      | Slain by an ice beast

Action                   |  1- 3 |  4- 6 |  7- 9 || total
-------------------------+-------+-------+-------++-------
Melee: Mace              |    90 |   240 |   188 ||   518
       Short sword       |       |       |    21 ||    21
Throw: Tomahawk          |    24 |    10 |     3 ||    37
       Stone             |     7 |    67 |    42 ||   116
Evoke: Wand              |       |       |     1 ||     1
  Use: Scroll            |       |       |     6 ||     6
 Stab: Sleeping          |     1 |       |       ||     1
